 Dungeon Crawl Stone Soup version 0.26.1-2-gb8aa6d0cf2 (webtiles) character file.

Game seed: 7952945943448851549

6634 FishyPogo the Fighter (level 10, -16/101 HPs)
             Began as a White Draconian Berserker on Feb 23, 2021.
             Was a High Priest of Trog.
             Shot with a bolt by an orc warrior (30 damage)
             ... in a bailey.
             The game lasted 00:40:13 (10181 turns).

FishyPogo the Fighter (White Draconian Berserker)  Turns: 10181, Time: 00:40:14

Health: -16/101    AC:  9    Str: 23    XL:     10   Next: 72%
Magic:  0/10       EV: 15    Int:  7    God:    Trog [*****.]
Gold:   637        SH:  0    Dex: 11    Spells: 9/9 levels left

rFire    + . .     SeeInvis .   b - +4 flail (holy)
rCold    + . .     Faith    .   (no shield)
rNeg     . . .     Spirit   +   (armour unavailable)
rPois    .         Reflect  .   (helmet restricted)
rElec    .         Harm     +   e - scarf {harm}
rCorr    .         Rampage  .   x - +0 pair of gloves
Will     ++...                  u - +0 pair of boots
Stlth    ++........             I - amulet of guardian spirit
HPRegen  1.26/turn              P - ring of protection from fire
MPRegen  0.12/turn              r - ring of stealth

@: regenerating, studying Fighting
A: breathe frost, unfitting armour, cold resistance 1, cold-blooded, AC +7
a: Breathe Frost, Renounce Religion, Berserk, Trog's Hand, Brothers in Arms


You were in a bailey.
You worshipped Trog.
Trog was extremely pleased with you.
You visited 1 branch of the dungeon, and saw 10 of its levels.
You also visited: Sewer and Bailey.

You collected 841 gold pieces.
You spent 204 gold pieces at shops.

Inventory:

Hand Weapons
 a - a +2 whip of electrocution
 b - a +4 flail of holy wrath (weapon)
 O - a cursed -1 whip
Missiles
 i - 433 stones (quivered)
 t - 21 poisoned darts
 z - 3 throwing nets
 H - 3 javelins
Armour
 e - a scarf of harm (worn)
 u - a +0 pair of boots (worn)
 x - a +0 pair of gloves (worn)
Jewellery
 r - a ring of stealth (right hand)
 y - an uncursed ring of willpower
 D - an uncursed ring of flight
 I - an amulet of guardian spirit (around neck)
 P - a ring of protection from fire (left hand)
Wands
 m - a wand of disintegration (10)
 v - a wand of enslavement (6)
 K - a wand of flame (21)
 L - a wand of polymorph (13)
Scrolls
 c - 2 scrolls of enchant armour {unknown}
 d - a scroll of fog {unknown}
 f - 8 scrolls of teleportation
 k - 5 scrolls of blinking
 l - 3 scrolls of noise {unknown}
 n - 4 scrolls of enchant weapon {unknown}
 F - 10 scrolls of remove curse
 N - a scroll of random uselessness
 Q - a scroll of brand weapon
 R - 3 scrolls of fear
 S - a scroll of holy word
Potions
 g - 8 potions of curing
 j - 3 potions of brilliance
 o - 3 potions of degeneration {unknown}
 p - a potion of flight
 q - 3 potions of heal wounds
 w - 3 potions of attraction {unknown}
 A - a potion of resistance
 B - 2 potions of might
 C - 4 potions of haste
 E - 3 potions of lignification
 G - a potion of mutation
 J - a potion of ambrosia {unknown}
 M - a potion of invisibility
Books
 s - a manual of Fighting
Miscellaneous
 h - a condenser vane (inert)
 U - a box of beasts (inert)


   Skills:
 * Level 13.2 Fighting
 - Level 4.5(6.3) Axes
 + Level 6.8(7.5) Maces & Flails
 + Level 7.6 Dodging
 * Level 5.1 Evocations


You had 9 spell levels left.
You didn't know any spells.
Your spell library contained the following spells:

 Spells                   Type           Power        Failure   Level
 Gell's Gravitas          Tloc           0%           80%         3
 Portal Projectile        Hex/Tloc       0%           80%         3
 Cause Fear               Hex            0%           99%         4
 Silence                  Hex/Air        0%           100%        5
 Yara's Violent Unravell  Hex/Tmut       0%           100%        5
 Dispersal                Tloc           0%           100%        6
 Discord                  Hex            0%           100%        8
 Disjunction              Tloc           0%           100%        8


Dungeon Overview and Level Annotations

Branches:
Dungeon (10/15)            Temple (0/1) D:7            Lair (0/6) D:9
    Orc (0/2) D:10          Sewer (visited)          Bailey (1/1)

Altars:
Elyvilon
Vehumet
Yredelemnul
The Shining One

Shops:
D:7 !   D:8 *


Innate Abilities, Weirdness & Mutations

You can breathe waves of freezing cold.
You can buffet flying creatures when you breathe cold.
Your icy white scales are hard. (AC +7)
You cannot fit into any form of body armour.
Your flesh is cold resistant. (rC+)
You are cold-blooded and may be slowed by cold attacks.


Message History

Your deep troll bites the orc warrior.
Your deep troll claws the orc warrior.
Your deep troll claws the orc warrior!!
The orc warrior shoots a bolt.
The bolt completely misses your deep troll.
The bolt hits you!!
* * * LOW HITPOINT WARNING * * *
You see here a bolt.
Unknown command.
Your skin crawls.
You feel strong-willed.
Your deep troll completely misses the orc warrior.
Your deep troll claws the orc warrior!!
The orc warrior dies!
Trog accepts your kill.
Unknown command.
There is a gate leading back out of this place here.
You see here a bolt.
You see here a bolt.
The orc warrior shoots a bolt.
The bolt completely misses you.
The orc warrior shoots a bolt.
The bolt hits you!!
You die...

## ##### ##∩##
####
..§§.##...##§○°.
.≈≈○☼(#...#.§°≈≈
≈≈o≈≈((.....§≈.≈
≈.oo≈.......≈o∩
≈≈o≈≈.)...T.≈≈.
#@()# #(∩(#
##∩## ###


You could see 2 orc warriors, 3 orcs and a friendly deep troll (summoned,
berserk).

Vanquished Creatures
  A two-headed ogre (D:9)
  The ghost of ciphuk the Slicer, a journeyman VSGl of Uskayaw (D:9)
  An orc knight (Bailey)
  Grinder (D:5)
  Sigmund (D:2)
  2 wraiths (D:9)
  A wyvern (D:8)
  A steam dragon (D:9)
  Edmund (D:6)
  4 orc warriors (Bailey)
  3 ice beasts
  A black bear (D:8)
  3 necrophages
  4 ogres
  4 centaurs
  3 big kobolds
  Blork the orc (D:5)
  A bullfrog (D:8)
  3 scorpions
  A wight (D:9)
  A howler monkey (D:5)
  4 human zombies (D:9)
  3 quasits
  6 hounds
  A jelly (D:7)
  2 centaur skeletons
  2 orc priests
  6 iguanas
  Jessica (D:1)
  Ijyb (D:5)
  7 orc wizards
  6 worker ants
  An ogre zombie (D:9)
  2 hound skeletons
  3 hound zombies
  2 mummies (D:9)
  Robin (D:3)
  8 gnolls
  14 adders
  A hound simulacrum (D:9)
  A shadow imp (D:9)
  2 white imps (D:5)
  2 ufetubi
  An adder skeleton (D:9)
  3 worms
  5 dart slugs
  10 leopard geckos
  18 orcs
  8 giant cockroaches
  16 goblins
  7 hobgoblins
  16 jackals
  15 kobolds
  6 quokkas
  2 ball pythons
  9 bats
  11 frilled lizards
  A leopard gecko zombie (D:6)
  An orc zombie (D:9)
  A quokka zombie (D:5)
  12 rats
257 creatures vanquished.

Vanquished Creatures (collateral kills)
  2 orc warriors (Bailey)
  An ogre (D:9)
  A white imp (D:9)
  An orc (D:9)
5 creatures vanquished.

Vanquished Creatures (others)
  An orc (D:9)
1 creature vanquished.

Grand Total: 263 creatures vanquished

Notes
Turn   | Place    | Note
-------+----------+-------------------------------------------
     0 | D:1      | FishyPogo the Draconian Berserker began the quest for the
                  | Orb.
     0 | D:1      | Reached XP level 1. HP: 19/19 MP: 1/1
   207 | D:1      | Reached XP level 2. HP: 25/27 MP: 2/2
   604 | D:1      | Reached skill level 4 in Fighting
   668 | D:1      | Reached XP level 3. HP: 32/33 MP: 3/3
  1131 | D:1      | Reached ** piety under Trog
  1196 | D:2      | Noticed Jessica
  1202 | D:1      | Killed Jessica
  1203 | D:1      | Reached XP level 4. HP: 38/41 MP: 4/4
  1416 | D:2      | Noticed Sigmund
  1422 | D:2      | Killed Sigmund
  1423 | D:2      | Reached skill level 5 in Fighting
  1423 | D:2      | Reached XP level 5. HP: 49/49 MP: 5/5
  1807 | D:2      | Noticed an ice beast
  1833 | D:2      | HP: 1/75 [ice beast (14)]
  1834 | D:2      | Killed an ice beast
  1835 | D:2      | Reached skill level 6 in Fighting
  1835 | D:2      | Reached XP level 6. HP: 2/57 MP: 6/6
  2375 | D:3      | Noticed Robin
  2383 | D:3      | Killed Robin
  2394 | D:3      | Reached *** piety under Trog
  3626 | D:4      | Found a glowing drain.
  3638 | Sewer    | Entered a sewer
  3656 | Sewer    | Your scales start taking on an icy white colour.
  3656 | Sewer    | Reached XP level 7. HP: 49/64 MP: 7/7
  3656 | Sewer    | Gained mutation: Your flesh is cold resistant. (rC+) [White
                  | Draconian growth]
  3833 | Sewer    | Reached skill level 1 in Maces & Flails
  4052 | Sewer    | Reached skill level 7 in Fighting
  4532 | D:5      | Entered Level 5 of the Dungeon
  4580 | D:5      | Noticed Ijyb
  4720 | D:5      | Reached **** piety under Trog
  4721 | D:5      | Found a white marble altar of Elyvilon.
  4755 | D:5      | HP: 2/67 [white imp (2)]
  5119 | D:5      | Reached skill level 8 in Fighting
  5119 | D:5      | Reached skill level 5 in Dodging
  5119 | D:5      | Reached XP level 8. HP: 47/74 MP: 8/8
  5122 | D:5      | Noticed Blork the orc
  5295 | D:5      | Killed Ijyb
  5356 | D:5      | Found a radiant altar of Vehumet.
  5357 | D:5      | Noticed Grinder
  5509 | D:5      | Killed Blork the orc
  5571 | D:5      | Paralysed by Grinder for 4 turns
  5582 | D:5      | Killed Grinder
  5790 | D:5      | Reached skill level 9 in Fighting
  6621 | D:6      | Found a white marble altar of Elyvilon.
  6933 | D:6      | Noticed Edmund
  6941 | D:6      | Killed Edmund
  6942 | D:6      | Reached XP level 9. HP: 79/85 MP: 9/9
  7159 | D:7      | Found Vitziol's Distillery.
  7166 | D:7      | Bought a potion of curing for 36 gold pieces
  7166 | D:7      | Bought a potion of might for 48 gold pieces
  7166 | D:7      | Bought 2 potions of heal wounds for 120 gold pieces
  7225 | D:7      | Reached skill level 10 in Fighting
  7227 | D:7      | Found a staircase to the Ecumenical Temple.
  7370 | D:7      | You fall into a shaft and drop 1 floor!
  7373 | D:8      | Found Adite's Changing Room.
  7487 | D:7      | Reached ***** piety under Trog
  7649 | D:7      | Reached skill level 5 in Maces & Flails
  8360 | D:8      | Found a glowing golden altar of the Shining One.
  8555 | D:8      | Reached skill level 11 in Fighting
  8898 | D:9      | Found a staircase to the Lair.
  8934 | D:9      | Noticed ciphuk's ghost (journeyman VSGl)
  8945 | D:9      | Found a runed translucent gate.
  8945 | D:9      | Found a runed translucent gate.
  8945 | D:9      | Noticed a two-headed ogre
  8947 | D:9      | Found a runed translucent gate.
  8972 | D:9      | Reached skill level 1 in Evocations
  8987 | D:9      | Identified a scroll of acquirement
  9081 | D:9      | Acquired a manual of Fighting
  9519 | D:9      | Reached XP level 10. HP: 76/96 MP: 10/10
  9532 | D:9      | Found a basalt altar of Yredelemnul.
  9919 | D:9      | Killed ciphuk's ghost
  9920 | D:9      | Reached skill level 12 in Fighting
  9925 | D:9      | Killed a two-headed ogre
  9959 | D:10     | Entered Level 10 of the Dungeon
 10037 | D:10     | Found a flagged portal.
 10158 | Bailey   | Entered a bailey
 10160 | Bailey   | Noticed an orc knight
 10165 | Bailey   | Killed an orc knight
 10167 | Bailey   | Reached skill level 13 in Fighting
 10168 | Bailey   | Reached skill level 5 in Evocations
 10181 | Bailey   | Shot with a bolt by an orc warrior

Illustrated notes

Levels and vault maps discovered:
D:1:      dpeg_arrival_rooms_with_view, layout_basic
D:2:      layout_loops_cross, minmay_pentomino_o2, uniq_jessica, uniq_sigmund
D:3:      layout_loops_corners, minmay_misc_feat_room, uniq_robin
D:4:      layout_cave_pools, portal_sewer_entry_d, kennysheep_generic_room_9
D:5:      minmay_razor_zed, layout_rooms, basic_altar, amcnicky_altar_gilded,
          uniq_ijyb, uniq_grinder, uniq_blork_the_orc
D:6:      layout_basic, minmay_misc_feat_x, grunt_decor_one_mirror,
          elyvilon_altar_1, uniq_edmund
D:7:      layout_loops_ring, minmay_temple_entry_junction_2, serial_shops, shop,
          chequers_garden
D:8:      layout_rooms, nicolae_tso_swordbearing_angel,
          nicolae_transmutations_shop
D:9:      layout_stronghold, dpeg_oklobed_lair, gammafunk_ghost_split,
          grunt_ministairs_15, minmay_stone_trees_medium,
          lemuel_mausoleum_altar_yredelemnul
D:10:     layout_irregular_city, orc_0_dummy, enter_bailey_3
Bailey:   bailey_polearm_4, bailey

Skill      XL: |  1  2  3  4  5  6  7  8  9 10 |
---------------+-------------------------------+-----
Dodging        | 3 4 5 6 7 |  7.6
Fighting       | 4 5 6 8 9 11 13 | 13.2
Axes           | 4 |  4.5
Maces & Flails | 2 4 6 |  6.8
Evocations     | 2 5 |  5.1

Action                   |  1- 3 |  4- 6 |  7- 9 | 10-12 || total
-------------------------+-------+-------+-------+-------++-------
Melee: Hand axe          |    92 |   110 |       |       ||   202
       Tailslap          |    10 |    15 |    39 |     7 ||    71
       Whip              |       |    41 |   198 |       ||   239
       Unarmed           |       |       |     3 |       ||     3
       Flail             |       |       |   155 |    56 ||   211
Throw: Stone             |    17 |    11 |    31 |     4 ||    63
       Dart              |       |     2 |     4 |       ||     6
Invok: Berserk           |     1 |     5 |     4 |     3 ||    13
       Brothers in Arms  |       |       |       |     2 ||     2
       Trog's Hand       |       |       |       |     1 ||     1
 Abil: Breathe Frost     |       |       |    12 |       ||    12
Evoke: Wand              |       |       |     1 |       ||     1
       Box of beasts     |       |       |       |     1 ||     1
       Condenser vane    |       |       |       |     1 ||     1
  Use: Scroll            |       |     2 |    11 |     5 ||    18
       Potion            |       |       |     2 |     1 ||     3
 Stab: Sleeping          |     1 |     2 |     8 |     2 ||    13
Armor: Skin              |    41 |    46 |    96 |    17 ||   200
Dodge: Dodged            |    60 |   102 |   243 |    63 ||   468
